 Dungeon Crawl Stone Soup version 0.27.1-34-g3ba077fa99 (webtiles) character file.

Game seed: 16610219384315228343

103 growler the Gusty (level 4, 0/54 HPs)
             Began as a Tengu Air Elementalist on Jan 25, 2022.
             Succumbed to a water moccasin's poison
             ... on level 3 of the Dungeon.
             The game lasted 00:06:39 (2492 turns).

growler the Gusty (Tengu Air Elementalist)          Turns: 2492, Time: 00:06:40

Health: 0/54       AC: 22    Str:  9    XL:     4   Next: 79%
Magic:  1/9        EV:  2    Int: 16    God:
Gold:   43         SH:  0    Dex: 14    Spells: 3/9 levels left

rFire    . . .     SeeInvis .   e - staff of air
rCold    . . .     Faith    .   (no shield)
rNeg     + + +     Spirit   .   (armour currently unavailable)
rPois    +         Reflect  .   (helmet currently unavailable)
rElec    +         Harm     .   (cloak currently unavailable)
rCorr    .         Rampage  .   (gloves currently unavailable)
Will     .....     NoTele   +   (boots unavailable)
Stlth    ..........             (no amulet)
HPRegen  0.18/turn              (no ring)
MPRegen  0.11/turn              (no ring)

@: berserking, lethally poisoned (0 -> -9), tree-form, very quick
A: stationary, stasis, torment immunity, boosted hp, (beak), (talons 3)
a: no special abilities


You were on level 3 of the Dungeon.
You were a tree.
You visited 1 branch of the dungeon, and saw 3 of its levels.

You collected 43 gold pieces.

Inventory:

Armour
 a - a +0 robe (melded)
Magical Staves
 e - a staff of air (weapon)
   (You found it on level 2 of the Dungeon)
Scrolls
 b - 2 scrolls of teleportation {unknown}
 d - a scroll of vulnerability {unknown}
 g - a scroll of summoning {unknown}
 i - a scroll of immolation {unknown}


   Skills:
 - Level 2.1 Dodging
 - Level 2.0 Stealth
 + Level 3.0 Spellcasting
 + Level 3.5 Conjurations
 + Level 5.2 Air Magic


You had 3 spell levels left.
You knew the following spells:

 Your Spells              Type           Power      Damage    Failure   Level
a - Shock                 Conj/Air       96%        1d9       3%          1
d - Static Discharge      Conj/Air       24%        N/A       4%          2
s - Swiftness             Air            28%        N/A       7%          3

Your spell library contained the following spells:

 Spells                   Type           Power      Damage    Failure   Level
 Sandblast                Erth           4%         2d4       19%         1
 Passwall                 Tmut/Erth      1%         N/A       28%         2
 Airstrike                Air            14%        N/A       22%         4
 Spellforged Servitor     Conj/Summ      4%         N/A       100%        7
 Lehudib's Crystal Spear  Conj/Erth      4%         10d3      100%        8


Dungeon Overview and Level Annotations

Branches:
Dungeon (3/15)

Altars:


Innate Abilities, Weirdness & Mutations

You are a tree.
Your roots penetrate the ground, keeping you stationary.
You cannot be teleported.
You are immune to unholy pain and torment.
Your maximum health is greatly increased.
Your equipment is partially melded.
((You have a beak for a mouth.))
((You have claws for feet.))


Message History

The adder bites you but does no damage.
A water moccasin comes into view.
You swing at nothing.
The water moccasin hisses angrily.
Something hits you but does no damage. The adder bites you.
* * * LOW HITPOINT WARNING * * *
You hit something. The adder bites you.
* * * LOW HITPOINT WARNING * * *
Something completely misses you. The adder barely misses you.
You hear some strange, mumbled words.
A puff of flame appears from out of thin air!
The puff of flame hits you but does no damage.
You miss something.
You feel less confused. The adder bites you but does no damage.
Something hits you but does no damage.
You feel a surge of power!
The adder is struck by an arc of lightning.
Something is struck by an arc of lightning.
The lightning grounds out.
Something is struck by an arc of lightning!
Reactivating autopickup.
You feel a bit more experienced.
The lightning grounds out.
The adder bites you but does no damage. x2
Your Spellcasting skill increases to level 3!
You miss the adder. The adder bites you but does no damage.
The water moccasin bites you.
* * * LOW HITPOINT WARNING * * *
It was a potion of flight.
Your roots keep you in place.
The adder bites you but does no damage.
The water moccasin bites you but does no damage.
The adder bites you but does no damage.
It was a potion of berserk rage.
A red film seems to cover your vision as you go berserk!
You feel yourself moving faster!
You feel mighty!
The water moccasin bites you but does no damage.
The adder bites you but does no damage.
You miss the water moccasin.
The water moccasin bites you but does no damage.
The adder bites you but does no damage. The water moccasin bites you.
* * * LOW HITPOINT WARNING * * *
You closely miss the water moccasin. The adder bites you but does no damage.
The water moccasin bites you.
* * * LOW HITPOINT WARNING * * *
You are lethally poisoned!
The water moccasin poisons you!
Unknown command.
You hit the water moccasin.
The water moccasin is electrocuted.
You die...

#..............#
#.#............# #.#
#..............# #.#
))###...#.......# #.# ### #.
#...#.......####.#... . ..
#...#..........#.#.# ##.## ##
.....###.#.####.#... ....
.#...).......S...#.##### #.# #
............S♣........######..
###.............##..........)#.
#........†...........####....
.....................####....
........................#....
.....................##......
............#......######...
......?....###.#........... ..
#.#.##........


You could see a water moccasin and an adder.

Vanquished Creatures
  An orc wizard (D:3)
  2 adders
  2 worms (D:2)
  2 dart slugs (D:2)
  6 orcs (D:3)
  2 ball pythons
  5 endoplasms
  A giant cockroach (D:3)
  5 goblins
  3 hobgoblins
  3 quokkas
  5 bats
  2 frilled lizards (D:2)
  3 kobolds
  3 rats
45 creatures vanquished.

Notes
Turn   | Place    | Note
-------+----------+-------------------------------------------
     0 | D:1      | growler the Tengu Air Elementalist began the quest for the
                  | Orb.
     0 | D:1      | Reached XP level 1. HP: 10/10 MP: 4/4
   347 | D:1      | Reached XP level 2. HP: 15/15 MP: 0/6
   350 | D:1      | Learned a level 2 spell: Static Discharge
  1065 | D:2      | Found a faded altar of an unknown god.
  1186 | D:2      | Reached XP level 3. HP: 19/19 MP: 0/7
  2001 | D:2      | Got the Almanac of the Fox
  2280 | D:3      | Reached XP level 4. HP: 21/24 MP: 4/9
  2331 | D:3      | Learned a level 3 spell: Swiftness
  2440 | D:3      | Reached skill level 5 in Air Magic
  2474 | D:3      | HP: 1/24 [something/magic dart (5)]
  2482 | D:3      | Noticed a water moccasin
  2491 | D:3      | HP: 1/54 [water moccasin (2)]
  2492 | D:3      | Succumbed to a water moccasin's poison

Illustrated notes

Levels and vault maps discovered:
D:1:      minmay_arrival_doors, layout_basic
D:2:      layout_basic, shapermc_ecumenical_altar_venn
D:3:      layout_basic, biasface_ghost_orc_armoury, minmay_starry_boxes

Skill      XL: |  1  2  3  4 |
---------------+-------------+-----
Conjurations   | 2 3 |  3.5
Air Magic      | 5 |  5.2
Spellcasting   | 3 |  3.0
Dodging        | |  2.1
Stealth        | |  2.0

Action                   |  1- 3 |  4- 6 || total
-------------------------+-------+-------++-------
Melee: Unarmed           |     2 |       ||     2
       Staff             |     1 |    11 ||    12
       Peck              |     1 |       ||     1
       Kick              |       |     1 ||     1
 Cast: Shock             |    63 |    13 ||    76
       Static Discharge  |    10 |     3 ||    13
  Use: Potion            |       |     4 ||     4
Armor: Skin              |       |    23 ||    23
       Robe              |       |     1 ||     1
Dodge: Dodged            |    15 |     5 ||    20
